Map: [ESL] Tropical Sacrifice

Players

Ranger - Winner!

  • Race: Protoss Protoss
  • Spawn Location: 7:00

Probe

  • Race: Protoss Protoss
  • Spawn Location: 1:00

Event: DreamHack SC2 Masters 2022 Atlanta (Online)

VOD

Have the link to the VOD?

Description

Time

  • Played on: Oct. 2, 2022, 4:33 a.m.
  • Length: 7:00

All games in this series

Show
View Real Time Build Order
Export as new Build Order

Ranger Protoss - Winner!

Build Orders: Phoenix Opening 

Get SALT Encoding   

  12  0:00  Probe  
  13  0:12  Probe  
  14  0:20  Pylon  
  14  0:24  Probe  
  15  0:38  Probe (Chrono Boost), Gateway  
  16  0:48  Probe (Chrono Boost), Assimilator  
  17  0:53  Probe (Chrono Boost)  
  18  1:05  Probe  
  18  1:09  Assimilator  
  19  1:11  Pylon  
  19  1:17  Probe  
  20  1:28  Cybernetics Core  
  20  1:29  Zealot  
  20  1:31  Probe  
  23  1:41  Pylon  
  23  1:43  Probe  
  24  1:55  Probe  
  25  2:02  Adept (Chrono Boost)  
  25  2:07  Warp Gate  
  27  2:20  Probe  
  28  2:22  Cybernetics Core  
  28  2:25  Adept (Chrono Boost)  
  30  2:33  Stargate  
  30  2:49  Pylon  
  30  2:59  Shield Battery  
  30  3:12  Probe  
  31  3:13  Stalker  
  32  3:21  Phoenix (Chrono Boost)  
  34  3:28  Shield Battery  
  33  3:39  Probe  
  34  3:41  Nexus  
  34  3:49  Phoenix  
  36  3:56  Probe  
  37  4:08  Stalker  
  39  4:19  Pylon  
  39  4:33  Twilight Council  
  39  4:36  Pylon  
  39  4:37  Phoenix, Probe  
  42  4:50  Probe (Chrono Boost)  
  43  4:54  Probe (Chrono Boost)  
  44  5:01  Robotics Facility  
  44  5:02  Sentry, Probe (Chrono Boost)  
  44  5:04  Probe (Chrono Boost)  
  48  5:07  Probe (Chrono Boost)  
  48  5:09  Probe (Chrono Boost)  
  50  5:16  Probe  
  50  5:19  Dark Shrine  
  50  5:20  Probe  
  52  5:36  Probe  
  52  5:37  Probe  
  52  5:41  Gateway  
  54  5:44  Gateway  
  54  5:48  Probe  
  54  5:49  Probe  
  56  5:51  Assimilator  
  56  5:53  Observer (Chrono Boost)  
  56  5:55  Assimilator  
  57  5:59  Stalker  
  57  6:00  Probe  
  57  6:01  Probe  
  61  6:12  Probe  
  61  6:14  Probe  
  63  6:21  Pylon  
  63  6:23  Pylon  
  63  6:24  Probe  
  64  6:26  Probe  
  63  6:36  Probe  
  63  6:38  Dark Templar x2  
  68  6:42  Stalker  
  68  6:45  Shield Battery  
  68  6:46  Gateway  
Show
View Real Time Build Order
Export as new Build Order

Probe Protoss 

Build Orders: Oracle Opening 

Get SALT Encoding   

  12  0:00  Probe  
  13  0:12  Probe  
  14  0:18  Pylon  
  14  0:24  Probe (Chrono Boost)  
  15  0:37  Probe (Chrono Boost)  
  15  0:40  Gateway  
  16  0:45  Probe (Chrono Boost)  
  16  0:49  Assimilator  
  17  0:51  Probe  
  18  1:03  Probe (Chrono Boost)  
  19  1:09  Pylon  
  19  1:11  Assimilator  
  19  1:15  Probe (Chrono Boost)  
  20  1:19  Probe (Chrono Boost)  
  21  1:28  Cybernetics Core  
  21  1:29  Probe  
  22  1:35  Zealot  
  24  1:41  Probe  
  24  1:46  Pylon  
  25  1:53  Probe  
  26  2:06  Probe  
  26  2:07  Adept (Chrono Boost)  
  29  2:09  Stargate  
  29  2:12  Pylon  
  29  2:17  Warp Gate  
  29  2:22  Pylon  
  29  2:34  Stalker (Chrono Boost)  
  31  2:46  Shield Battery  
  31  2:53  Oracle  
  31  2:55  Probe  
  34  3:07  Probe  
  35  3:19  Probe  
  38  3:20  Pylon  
  36  3:35  Oracle (Chrono Boost)  
  36  3:38  Nexus  
  39  3:50  Twilight Council  
  39  3:54  Probe  
  38  3:59  Gateway  
  38  4:06  Stalker  
  38  4:08  Probe  
  41  4:20  Probe  
  41  4:21  Blink (Chrono Boost)  
  42  4:29  Gateway  
  42  4:34  Probe  
  40  4:46  Probe  
  40  4:49  Stalker  
  40  4:55  Stalker  
  40  4:56  Probe  
  40  4:58  Probe  
  44  5:08  Probe  
  44  5:10  Probe  
  44  5:13  Stalker  
  48  5:18  Stalker  
  48  5:20  Probe  
  51  5:22  Probe  
  51  5:26  Dark Shrine  
  51  5:28  Stalker  
  54  5:33  Probe  
  54  5:34  Probe  
  54  5:41  Stalker  
  56  5:44  Stalker  
  56  5:45  Probe  
  56  5:46  Pylon  
  59  5:52  Pylon  
  59  5:54  Pylon  
  59  5:55  Probe  
  60  5:57  Probe, Assimilator  
  60  6:10  Probe  
  61  6:16  Stalker x2  
  65  6:23  Nexus  
  65  6:24  Pylon  
  65  6:37  Stalker  
  67  6:42  Gateway  
  67  6:46  Gateway x2  
  67  6:47  Pylon  
Tags
 
Add a new tag
Caveats
  • Supply blocks, unpowered buildings, or Contaminate may cause inaccurate times.
  • Supply counts are checked every 10 seconds.